Map: Blackpink LE

Players

LiquidMaNa (MaNa) - Winner!

  • Race: Protoss Protoss
  • League: Master
  • Spawn Location: 7:00

Lambo

  • Race: Zerg Zerg
  • League: Grandmaster
  • Spawn Location: 1:00

Event: HomeStory Cup XVI

VOD

Have the link to the VOD?

Description

Time

  • Played on: Nov. 9, 2017, 4:14 p.m.
  • Length: 10:55

All games in this series

Show
View Real Time Build Order
Export as new Build Order

LiquidMaNa Protoss - Winner!

Build Orders: 1 Gate Expand, Archon Immortal, Zealot Archon, Archon Drop 

Get SALT Encoding   

  12  0:02  Probe (Chrono Boost)  
  14  0:14  Probe (Chrono Boost)  
  14  0:18  Pylon  
  14  0:26  Probe (Chrono Boost)  
  15  0:32  Probe (Chrono Boost)  
  15  0:40  Probe (Chrono Boost)  
  17  0:44  Gateway  
  17  0:48  Assimilator  
  17  0:53  Probe (Chrono Boost)  
  18  0:59  Probe (Chrono Boost)  
  19  1:07  Probe (Chrono Boost)  
  20  1:26  Nexus  
  20  1:35  Cybernetics Core  
  21  1:40  Probe (Chrono Boost)  
  21  1:45  Assimilator  
  21  1:52  Probe (Chrono Boost)  
  22  1:55  Pylon  
  22  2:05  Probe (Chrono Boost)  
  23  2:15  Stargate  
  24  2:17  Probe (Chrono Boost)  
  24  2:18  Adept  
  26  2:26  Warp Gate  
  26  2:29  Probe (Chrono Boost)  
  27  2:40  Probe (Chrono Boost)  
  27  2:41  Probe (Chrono Boost)  
  27  2:42  Void Ray  
  29  2:45  Adept  
  32  2:52  Probe (Chrono Boost)  
  32  2:53  Probe (Chrono Boost)  
  33  3:04  Probe (Chrono Boost)  
  33  3:05  Probe (Chrono Boost)  
  39  3:09  Pylon  
  39  3:16  Probe (Chrono Boost)  
  39  3:17  Probe (Chrono Boost)  
  42  3:28  Probe (Chrono Boost)  
  42  3:29  Probe (Chrono Boost)  
  42  3:32  Adept  
  45  3:40  Probe (Chrono Boost)  
  47  3:41  Probe (Chrono Boost)  
  47  3:46  Robotics Facility  
  47  3:52  Probe (Chrono Boost)  
  47  3:53  Twilight Council  
  47  3:54  Forge  
  49  3:56  Probe (Chrono Boost)  
  49  3:57  Assimilator  
  49  4:00  Assimilator  
  50  4:04  Probe (Chrono Boost)  
  50  4:08  Probe (Chrono Boost)  
  51  4:12  Gateway  
  51  4:16  Probe (Chrono Boost), Protoss Ground Weapons Level 1  
  52  4:18  Pylon  
  52  4:21  Probe (Chrono Boost)  
  53  4:25  Warp Prism  
  54  4:37  Probe (Chrono Boost), Templar Archives  
  56  4:39  Gateway  
  56  4:42  Gateway  
  56  4:50  Probe x2 (Chrono Boost)  
  58  4:54  Pylon  
  58  5:02  Probe x2 (Chrono Boost)  
  60  5:07  Pylon  
  60  5:13  Charge  
  60  5:14  Probe x2 (Chrono Boost)  
  62  5:17  High Templar  
  62  5:18  High Templar  
  62  5:21  Nexus  
  66  5:22  Archon  
  66  5:26  Probe x2 (Chrono Boost)  
  66  5:27  Pylon  
  68  5:37  High Templar x2  
  68  5:41  Archon  
  72  5:43  Pylon  
  72  5:46  Gateway  
  72  5:48  Gateway  
  72  5:51  Gateway  
  72  5:54  Probe (Chrono Boost)  
  72  5:55  Protoss Ground Weapons Level 2, Probe (Chrono Boost)  
  72  5:56  Observer  
  75  6:06  Probe (Chrono Boost)  
  75  6:07  Probe (Chrono Boost)  
  77  6:13  Zealot  
  77  6:14  Zealot x3  
  87  6:19  Immortal, Probe x2 (Chrono Boost)  
  85  6:31  Probe x2 (Chrono Boost)  
  92  6:34  Probe (Chrono Boost)  
  92  6:43  Probe x2 (Chrono Boost)  
  92  6:46  Probe (Chrono Boost)  
  95  6:47  Sentry x3  
  95  6:48  Assimilator x2  
  95  6:50  Blink  
  103  6:55  Probe x2 (Chrono Boost)  
  103  6:58  Probe (Chrono Boost)  
  103  7:01  Immortal  
  108  7:06  Pylon  
  108  7:07  Probe (Chrono Boost)  
  109  7:08  Pylon  
  109  7:10  Pylon  
  109  7:12  Robotics Facility  
  109  7:22  Pylon x2  
  109  7:28  Probe x2 (Chrono Boost)  
  111  7:38  Pylon  
  111  7:40  Immortal  
  111  7:43  Immortal  
  115  7:44  Robotics Bay  
  115  7:46  Protoss Ground Weapons Level 3  
  115  7:51  Stalker x4, Psionic Storm  
  123  7:56  Forge  
  123  8:05  Shield Battery  
  127  8:06  Shield Battery  
  127  8:11  Shield Battery x2  
  126  8:14  Pylon  
  126  8:15  Shield Battery  
  126  8:22  Shield Battery  
  126  8:25  Shield Battery x2, Colossus  
  126  8:26  Stalker, Pylon  
  126  8:27  Stalker x2  
  130  8:33  Colossus  
  144  8:57  High Templar, Pylon  
  144  8:59  Zealot x6  
  145  9:19  Colossus  
  145  9:20  Stalker x3  
  145  9:21  Stalker  
  149  9:26  Colossus  
  149  9:31  Stalker x2  
  163  9:56  High Templar  
  163  9:58  Nexus  
  163  10:01  Pylon  
  157  10:09  High Templar x2, Warp Prism  
  161  10:14  Zealot x2, Pylon  
  161  10:19  Stalker x2  
  169  10:22  Shield Battery  
  169  10:24  Shield Battery  
  169  10:29  Pylon  
  169  10:30  Zealot  
  163  10:48  Archon  
  163  10:49  Stalker x6  
Show
View Real Time Build Order
Export as new Build Order

Lambo Zerg 

Build Orders: Hatch First 

Get SALT Encoding   

  12  0:01  Drone  
  13  0:12  Overlord  
  13  0:17  Drone  
  14  0:30  Drone x2  
  16  0:48  Hatchery  
  15  0:51  Drone  
  15  0:55  Drone  
  17  0:58  Drone  
  18  1:11  Extractor  
  18  1:14  Spawning Pool  
  18  1:17  Drone  
  17  1:20  Drone  
  18  1:28  Drone  
  19  1:39  Overlord  
  19  1:49  Drone  
  20  2:00  Drone  
  20  2:01  Queen, Zergling x2  
  22  2:02  Queen  
  26  2:11  Metabolic Boost  
  26  2:13  Drone  
  27  2:16  Drone  
  28  2:24  Drone  
  29  2:35  Hatchery  
  28  2:37  Zergling x2  
  28  2:41  Drone  
  30  2:48  Pneumatized Carapace  
  30  2:49  Drone  
  31  2:52  Drone  
  31  2:55  Overlord  
  31  2:58  Drone  
  33  3:04  Drone x2  
  35  3:08  Drone  
  36  3:14  Drone x2  
  36  3:15  Drone x2  
  40  3:21  Zergling x4  
  40  3:23  Queen  
  44  3:31  Spore Crawler  
  44  3:32  Spore Crawler, Drone  
  43  3:35  Drone  
  43  3:40  Overlord  
  44  3:46  Evolution Chamber  
  42  3:52  Overlord  
  42  3:59  Drone x3  
  42  4:00  Drone x3  
  48  4:03  Drone  
  48  4:09  Queen  
  49  4:10  Overlord  
  49  4:11  Drone  
  49  4:13  Zerg Missile Weapons Level 1  
  52  4:19  Drone x2  
  54  4:26  Drone x3  
  54  4:29  Overlord  
  54  4:30  Baneling Nest  
  56  4:34  Spore Crawler, Drone x3  
  58  4:40  Overlord  
  58  4:44  Overlord  
  57  4:53  Lair  
  57  4:55  Extractor  
  56  5:02  Queen, Drone x3  
  56  5:06  Roach Warren  
  60  5:09  Spine Crawler  
  60  5:11  Queen  
  61  5:14  Zergling x8  
  61  5:15  Zergling x2  
  61  5:19  Overlord  
  66  5:26  Overlord  
  66  5:44  Overlord  
  66  5:46  Roach x9  
  84  5:52  Drone  
  84  5:53  Drone x5  
  88  6:00  Roach, Overlord  
  88  6:02  Drone x2  
  88  6:03  Drone  
  92  6:11  Overlord  
  91  6:19  Overlord  
  91  6:21  Overlord  
  91  6:23  Overlord  
  89  6:25  Overlord  
  89  6:27  Overlord  
  89  6:29  Overlord  
  89  6:32  Extractor x2  
  87  6:33  Hydralisk Den, Extractor  
  87  6:34  Extractor  
  87  6:35  Drone x4  
  87  6:36  Roach x4  
  87  6:37  Overseer  
  98  6:40  Roach  
  98  6:48  Overlord  
  98  6:52  Drone x3  
  100  6:58  Drone  
  101  7:03  Drone x4  
  101  7:04  Muscular Augments, Drone  
  106  7:12  Hatchery  
  106  7:14  Drone x3  
  108  7:19  Drone  
  108  7:20  Hydralisk  
  108  7:21  Hydralisk x3  
  117  7:24  Hydralisk x2  
  121  7:30  Overseer  
  121  7:32  Hydralisk  
  121  7:36  Hydralisk  
  125  7:38  Overlord, Hydralisk  
  125  7:43  Hydralisk  
  129  7:49  Hydralisk x2  
  129  7:50  Zergling x6  
  129  7:51  Overlord x4  
  136  7:55  Hydralisk  
  136  7:58  Overlord  
  138  8:00  Overlord  
  138  8:05  Overlord  
  138  8:07  Overlord x2  
  138  8:09  Overlord  
  138  8:11  Hydralisk x3  
  144  8:16  Hydralisk  
  144  8:18  Hydralisk  
  144  8:19  Hydralisk x3  
  154  8:21  Baneling  
  154  8:23  Ravager  
  154  8:25  Hydralisk  
  157  8:27  Zergling x8  
  157  8:31  Roach x3  
  157  8:33  Roach  
  169  8:37  Roach x2  
  169  8:39  Roach x2  
  177  8:43  Glial Reconstitution  
  177  8:46  Roach x2  
  181  8:51  Zergling x8  
  181  8:54  Ravager  
  181  8:55  Roach x2  
  190  8:57  Zergling x4  
  190  9:00  Overlord  
  190  9:02  Overlord  
  192  9:06  Overlord  
  192  9:09  Hydralisk  
  187  9:10  Hydralisk, Zergling x2  
  187  9:11  Zergling x2  
  187  9:15  Hydralisk x2  
  178  9:20  Hydralisk x2  
  178  9:23  Hydralisk  
  178  9:24  Zergling x4  
  174  9:28  Hydralisk x2  
  169  9:32  Drone x4  
  169  9:37  Roach x3  
  177  9:42  Hydralisk x2  
  176  9:49  Hydralisk x2  
  177  9:55  Hydralisk x2  
  177  10:01  Hydralisk  
  177  10:07  Hydralisk x3  
  177  10:11  Roach x2  
  177  10:13  Zergling x4  
  188  10:16  Zergling x4  
  188  10:19  Hydralisk  
  192  10:23  Overseer  
  192  10:30  Hydralisk x3  
Tags
 
Add a new tag
Caveats
  • Supply blocks, unpowered buildings, or Contaminate may cause inaccurate times.
  • Supply counts are checked every 10 seconds.